 Dungeon Crawl Stone Soup version 0.29-a0-393-g47a863cc1b (webtiles) character file.

Game seed: 16918996858739689411

31245 jimonade the Eclecticist (level 13, 0/75 HPs)
             Began as a Deep Elf Conjurer on May 9, 2022.
             Was a Priest of Vehumet.
             Slain by a cane toad (16 damage)
             ... on level 5 of the Lair of Beasts on May 10, 2022.
             The game lasted 01:34:26 (25330 turns).

jimonade the Eclecticist (Deep Elf Conjurer)       Turns: 25330, Time: 01:34:27

Health: 0/75       AC:  8    Str:  8    XL:     13   Next: 24%
Magic:  43/43      EV: 14    Int: 25    God:    Vehumet [***...]
Gold:   771        SH:  0    Dex: 13    Spells: 12/43 levels left

rFire   x . .      SeeInvis .   x - staff of cold
rCold   + + .      Faith    .   (no shield)
rNeg    . . .      Spirit   .   F - +0 steam dragon scales
rPois   .          Reflect  .   (no helmet)
rElec   .          Harm     .   Y - +1 cloak
rCorr   .          Rampage  .   E - +0 pair of gloves
Will    +....                   (no boots)
Stlth   ++........              (no amulet)
HPRegen 0.22/turn               m - ring of magical power
MPRegen 0.28/turn               u - ring of ice

@: studying Spellcasting
A: no striking features
a: Renounce Religion


You were on level 5 of the Lair of Beasts.
You worshipped Vehumet.
Vehumet was most pleased with you.
You visited 3 branches of the dungeon, and saw 16 of its levels.
You also visited: Ice Cave.

You collected 987 gold pieces.
You spent 216 gold pieces at shops.

Inventory:

Hand Weapons
 o - a +1 arbalest of freezing
 v - a +0 dagger of chaos
 G - a +3 spear
 S - a +1 scimitar of flaming
 V - the +7 spear "Ruus" {freeze, Int+5 Dex+4}
   (You found it on level 1 of the Lair of Beasts)

   It freezes those it strikes, dealing additional cold damage.
   It can also slow down cold-blooded creatures.
   Int:       It affects your intelligence (+5).
   Dex:       It affects your dexterity (+4).
Missiles
 f - 17 poisoned darts
 k - a throwing net
 n - 6 boomerangs
 p - 504 stones
 Q - 2 curare-tipped darts
Armour
 d - an orb of mayhem
 E - a +0 pair of gloves (worn)
 F - +0 steam dragon scales (worn)
 H - a +0 buckler
 K - an orb of guile
 N - a +0 leather armour
 Y - a +1 cloak (worn)
Magical Staves
 x - a staff of cold (weapon)
 P - a staff of fire
Jewellery
 b - a ring of protection from fire
 m - a ring of magical power (left hand)
 u - a ring of ice (right hand)
Wands
 t - a wand of flame (48)
 R - a wand of paralysis (8)
 W - a wand of digging (7)
Scrolls
 a - a scroll of brand weapon
 e - a scroll of fog
 q - a scroll of summoning {unknown}
 w - a scroll of magic mapping
 y - 6 scrolls of teleportation
 B - a scroll of fear
 J - 5 scrolls of poison
 M - 3 scrolls of noise {unknown}
 O - a scroll of enchant weapon
 X - 3 scrolls of blinking {unknown}
 Z - 2 scrolls of amnesia
Potions
 c - 10 potions of curing
 g - 4 potions of ambrosia
 h - 5 potions of lignification
 i - 4 potions of berserk rage
 j - a potion of resistance
 l - a potion of haste
 r - a potion of invisibility {unknown}
 s - a potion of cancellation {unknown}
 z - 2 potions of heal wounds
 C - 2 potions of brilliance
 D - a potion of flight {unknown}
 T - a potion of mutation
Miscellaneous
 A - a phantom mirror
 I - a phantom mirror


   Skills:
 * Level 6.4 Fighting
 * Level 5.1 Dodging
 - Level 2.4 Stealth
 + Level 15.7 Spellcasting
 - Level 12.3 Conjurations
 - Level 10.5 Hexes
 * Level 8.5 Translocations
 * Level 6.0 Ice Magic
 + Level 2.9 Air Magic
 - Level 4.0 Earth Magic
 * Level 5.4 Poison Magic


You had 12 spell levels left.
You knew the following spells:

 Your Spells              Type           Power      Damage    Failure   Level
a - Stone Arrow           Conj/Erth      100%       3d13      1%          3
b - Searing Ray           Conj           100%       2d8       1%          2
c - Fulminant Prism       Conj/Hex       33%        3d16      1%          4
d - Iskenderun's Mystic   Conj/Tloc      64%        2d13      1%          4
e - Poisonous Vapours     Pois/Air       80%        N/A       1%          2
f - Frozen Ramparts       Ice            100%       1d12      1%          3
g - Hailstorm             Conj/Ice       99%        3d19      1%          4
h - Olgreb's Toxic Radia  Pois           46%        N/A       1%          4
i - Metabolic Englaciati  Hex/Ice        47%        N/A       2%          5

Your spell library contained the following spells:

 Spells                   Type           Power      Damage    Failure   Level
 Inner Flame              Hex/Fire       46%        N/A       1%          3
 Magic Dart               Conj           100%       1d8       0%          1
 Freeze                   Ice            100%       1d11      1%          1
 Sting                    Tmut/Pois      100%       1d8       1%          1
 Blink                    Tloc           100%       N/A       1%          2
 Dazzling Flash           Conj/Hex       100%       N/A       1%          3
 Lesser Beckoning         Tloc           58%        N/A       1%          3
 Mephitic Cloud           Conj/Pois/Air  53%        N/A       1%          3
 Ozocubu's Armour         Ice            84%        N/A       1%          3
 Summon Guardian Golem    Hex/Summ       46%        N/A       1%          3
 Summon Small Mammal      Summ           76%        N/A       2%          1
 Manifold Assault         Tloc           58%        N/A       2%          5
 Call Imp                 Summ           19%        N/A       4%          2
 Call Canine Familiar     Summ           19%        N/A       9%          3
 Animate Armour           Summ/Erth      58%        N/A       12%         4
 Alistair's Intoxication  Tmut/Pois      22%        N/A       26%         5
 Borgnjor's Vile Clutch   Necr/Erth      14%        N/A       32%         5
 Eringya's Noxious Bog    Tmut/Pois      16%        N/A       32%         6
 Simulacrum               Ice/Necr       33%        N/A       77%         6
 Lehudib's Crystal Spear  Conj/Erth      28%        10d8      80%         8
 Shatter                  Erth           19%        3d18*     100%        9


Dungeon Overview and Level Annotations

Branches:
Dungeon (10/15)            Temple (1/1) D:6            Lair (5/6) D:10
  Swamp (0/4) Lair:4        Snake (0/4) Lair:3          Orc (0/2) D:10
  IceCv (visited)
  Slime: Lair:5-6

Altars:
Ashenzari
Cheibriados
Dithmenos
Elyvilon
Fedhas
Gozag
Hepliaklqana
Kikubaaqudgha
Makhleb
Nemelex Xobeh
Okawaru
Qazlal
Ru
Sif Muna
Trog
Uskayaw
Vehumet
Wu Jian
Xom
Yredelemnul
Zin
The Shining One

Shops:
D:1 !   D:5 (=   D:10 *

Annotations:
D:3 1 runed translucent door, Crazy Yiuf
D:4 Pikel
D:5 exclusion: upstairs
D:6 exclusion: downstairs
D:9 2 transporters, RepHenryClay's ghost, novice DECj
D:10 3 runed translucent doors
Lair:1 1 runed translucent door, Urgle's ghost, journeyman MiFi
Lair:2 exclusion: downstairs


Message History

The fungus is lightly damaged.
The blast of energy engulfs the plant!!
The plant begins to die.
The plant is lightly damaged.
The blast of energy engulfs the komodo dragon!!
The komodo dragon is almost dead.
The komodo dragon completely misses you.
You hear a loud, deep croak!
You hear a roar!
You hear an angry hiss.
You hear a croak.
You hear an angry hiss. x2; You hear a roar!
The stone arrow hits the komodo dragon!
You kill the komodo dragon!
Vehumet accepts your kill.
You feel your power returning.
Your Ice Magic skill increases to level 6!
You climb upwards.
There is a stone staircase leading down here.
You start resting.
Magic restored.
You climb downwards.
The five-headed hydra bites you.
The five-headed hydra bites you but does no damage.
The five-headed hydra bites you. The five-headed hydra bites you!
The five-headed hydra bites you.
The cane toad stings you but does no damage.
The five-headed hydra bites you. The five-headed hydra bites you!
The five-headed hydra bites you but does no damage.
The five-headed hydra bites you.
The five-headed hydra bites you but does no damage.
The five-headed hydra roars!
There is a stone staircase leading up, spattered with blood here.
You hear a loud, deep croak!
You hear an angry hiss.
The cane toad misses you.
The water moccasin bites you but does no damage.
The five-headed hydra bites you!
The five-headed hydra barely misses you.
The five-headed hydra completely misses you.
The five-headed hydra bites you!
* * * LOW HITPOINT WARNING * * *
The five-headed hydra bites you.
* * * LOW HITPOINT WARNING * * *
The cane toad stings you!
You die...

..............
.............
............ #
...........
#.#..........
#...........
#.DF.......
#.@.......
#..DS.P.....
#..............
##.............
...............
..##...........
. ............
..##..F######


You could see 2 five-headed hydras, a cane toad, a water moccasin and a bullfrog
(wandering).

Vanquished Creatures
  2 hydras
  A catoblepas (Lair:4)
  Erica (Lair:1)
  3 death yaks (Lair:3)
  A bog body (Lair:4)
  3 skeletal warriors (D:8)
  An ugly thing (IceCv)
  4 elephants (Lair:4)
  5 black mambas
  3 ice statues (IceCv)
  6 cane toads
  10 komodo dragons
  An anaconda simulacrum (IceCv)
  Psyche (D:9)
  3 rime drakes
  A freezing wraith (IceCv)
  An entropy weaver simulacrum (IceCv)
  A queen bee (Lair:2)
  A polar bear (Lair:2)
  Prince Ribbit (D:8)
  11 blink frogs
  A wraith (D:10)
  5 wyverns
  22 yaks
  A basilisk (Lair:3)
  3 steam dragons (D:7)
  Menkaure (D:4)
  3 nagas (Lair:3)
  15 water moccasins
  An ice beast (D:7)
  3 orc warriors
  4 black bears
  A sky beast (D:7)
  An ogre (D:5)
  11 wolves
  3 centaurs (D:9)
  12 bullfrogs
  3 cane toad simulacra (IceCv)
  A gnoll sergeant (D:10)
  5 scorpions
  A necrophage (D:6)
  A wight (D:9)
  An elephant simulacrum (IceCv)
  24 killer bees (Lair:2)
  4 howler monkeys
  A crimson imp (D:5)
  6 hounds
  2 jellies
  2 orc priests
  Jessica (D:3)
  3 iguanas
  5 hell rats (Lair:3)
  5 orc wizards
  Natasha (thrice) (D:3)
  2 wolf simulacra (IceCv)
  A mummy (D:6)
  5 gnolls (D:10)
  7 adders
  3 shadow imps
  2 white imps (D:6)
  2 ufetubi
  4 worms
  3 dart slugs
  20 orcs
  A ball python (D:3)
  2 bats
  4 endoplasms
  3 giant cockroaches
  4 goblins
  4 hobgoblins
  4 jackals
  A quokka (D:2)
  2 frilled lizards
  A hobgoblin zombie (D:6)
  4 kobolds
  2 kobold zombies (D:6)
  An orc zombie (D:6)
  A rat (D:1)
299 creatures vanquished.

Vanquished Creatures (others)
  208 fulminant prisms
  43 fungi
  58 plants
309 creatures vanquished.

Grand Total: 608 creatures vanquished

Notes
Turn   | Place    | Note
-------+----------+-------------------------------------------
     0 | D:1      | jimonade the Deep Elf Conjurer began the quest for the Orb.
     0 | D:1      | Reached XP level 1. HP: 10/10 MP: 6/6
   113 | D:1      | Found Uggiecirgh's Distillery.
   192 | D:1      | Reached XP level 2. HP: 15/15 MP: 2/8
  1022 | D:2      | Reached skill level 5 in Conjurations
  1118 | D:2      | Reached skill level 1 in Hexes
  1172 | D:2      | Reached XP level 3. HP: 19/19 MP: 5/9
  1570 | D:2      | Learned a level 2 spell: Searing Ray
  2360 | D:3      | Noticed a scorpion
  2383 | D:3      | Killed a scorpion
  2384 | D:3      | Reached XP level 4. HP: 21/24 MP: 4/11
  2518 | D:3      | Noticed Jessica
  2523 | D:3      | Killed Jessica
  2524 | D:3      | Reached XP level 5. HP: 19/28 MP: 8/12
  2694 | D:3      | Found a sacrificial altar of Ru.
  3068 | D:3      | Noticed Natasha
  3071 | D:3      | Killed Natasha
  3072 | D:3      | Reached skill level 4 in Spellcasting
  3190 | D:3      | Found a runed translucent door.
  3191 | D:3      | Noticed Crazy Yiuf
  3232 | D:3      | Noticed Natasha
  3238 | D:3      | Killed Natasha
  3554 | D:3      | Found a sacrificial altar of Ru.
  3555 | D:3      | Noticed Natasha
  3565 | D:3      | Killed Natasha
  4213 | D:4      | Noticed Menkaure
  4225 | D:4      | Killed Menkaure
  4226 | D:4      | Reached skill level 5 in Spellcasting
  4226 | D:4      | Reached XP level 6. HP: 17/32 MP: 2/15
  4530 | D:4      | Noticed Pikel
  4542 | D:5      | Entered Level 5 of the Dungeon
  4817 | D:5      | Found Lefyitus's Jewellery Shop.
  4884 | D:5      | Learned a level 4 spell: Fulminant Prism
  4890 | D:5      | Reached XP level 7. HP: 36/36 MP: 5/17
  5158 | D:5      | Reached skill level 6 in Spellcasting
  5422 | D:5      | Found a white marble altar of Elyvilon.
  5422 | D:5      | Found a glowing golden altar of the Shining One.
  5424 | D:5      | Found a glowing silver altar of Zin.
  5678 | D:5      | Found Fyblous's Antique Weapon Shoppe.
  5709 | D:5      | Found a burning altar of Makhleb.
  5836 | D:5      | Reached skill level 7 in Spellcasting
  6005 | D:5      | Reached XP level 8. HP: 42/42 MP: 13/21
  6127 | D:5      | Learned a level 4 spell: Iskenderun's Mystic Blast
  6226 | D:6      | Reached skill level 5 in Hexes
  6710 | D:6      | Found a broken altar of Ashenzari.
  6890 | D:6      | Reached skill level 1 in Fighting
  6890 | D:6      | Reached skill level 8 in Spellcasting
  6890 | D:6      | Reached skill level 1 in Translocations
  7126 | D:6      | Found a staircase to the Ecumenical Temple.
  7135 | Temple   | Entered the Ecumenical Temple
  7268 | Temple   | Became a worshipper of Vehumet
  8150 | D:7      | Reached skill level 9 in Spellcasting
  8473 | D:7      | Reached XP level 9. HP: 47/47 MP: 15/24
  8551 | D:7      | Found a stormy altar of Qazlal.
  8559 | D:7      | Found a hide-covered altar of Uskayaw.
  8882 | D:8      | Reached skill level 10 in Spellcasting
  9070 | D:8      | Found a shadowy altar of Dithmenos.
  9455 | D:6      | Reached skill level 10 in Conjurations
  9621 | D:8      | Noticed Prince Ribbit
  9631 | D:8      | Killed Prince Ribbit
  9694 | D:8      | Noticed a skeletal warrior
  9694 | D:8      | Noticed a skeletal warrior
  9694 | D:8      | Noticed a skeletal warrior
  9704 | D:8      | Killed a skeletal warrior
  9705 | D:8      | Reached skill level 11 in Spellcasting
 10596 | D:8      | Killed a skeletal warrior
 10597 | D:8      | Reached skill level 12 in Spellcasting
 10597 | D:8      | Reached XP level 10. HP: 52/52 MP: 9/28
 10830 | D:8      | Killed a skeletal warrior
 11156 | D:8      | Found a shadowy altar of Dithmenos.
 11900 | D:9      | Got Peutug Fathri's Volume of the Spatial Rocks
 12325 | D:9      | Noticed Psyche
 12332 | D:9      | Killed Psyche
 13913 | D:9      | Found a transporter.
 13913 | D:9      | Noticed RepHenryClay's ghost (novice DECj)
 13927 | D:9      | Noticed a centaur warrior
 14247 | D:9      | Found a transporter.
 14630 | D:9      | Learned a level 2 spell: Poisonous Vapours
 14635 | D:10     | Entered Level 10 of the Dungeon
 14664 | D:10     | Found a runed translucent gate.
 14664 | D:10     | Found a runed translucent gate.
 14664 | D:10     | Found a runed translucent gate.
 14664 | D:10     | Noticed a white ugly thing
 14666 | D:10     | Noticed a brown ugly thing
 14666 | D:10     | Noticed a glowing orange brain
 14667 | D:10     | Noticed a red ugly thing
 14896 | D:10     | Found a staircase to the Orcish Mines.
 14976 | D:10     | Found a staircase to the Lair.
 15259 | D:10     | Noticed a purple ugly thing
 15259 | D:10     | Noticed a brown ugly thing
 15351 | D:10     | Found an ornate altar of the Wu Jian Council.
 15352 | D:10     | Found an iron altar of Okawaru.
 15354 | D:10     | Found an ancient bone altar of Kikubaaqudgha.
 15358 | D:10     | Found a shimmering blue altar of Sif Muna.
 15513 | D:10     | Found Zolewn's Assorted Antiques.
 15516 | D:10     | Bought a weird runed staff for 216 gold pieces
 15628 | Lair:1   | Entered Level 1 of the Lair of Beasts
 15649 | Lair:1   | Noticed Erica
 15658 | Lair:1   | Reached skill level 13 in Spellcasting
 15875 | Lair:1   | Reached skill level 5 in Translocations
 15877 | Lair:1   | Killed Erica
 16324 | Lair:1   | Reached XP level 11. HP: 60/60 MP: 15/30
 16517 | Lair:1   | Found a runed translucent door.
 16519 | Lair:1   | Noticed Urgle's ghost (journeyman MiFi)
 16552 | Lair:1   | Identified the +7 spear "Ruus" {freeze, Int+5 Dex+4}
 16682 | Lair:1   | Learned a level 3 spell: Stone Arrow
 16686 | Lair:1   | Learned a level 3 spell: Frozen Ramparts
 17238 | Lair:1   | Reached skill level 1 in Air Magic
 17571 | Lair:1   | Reached skill level 1 in Poison Magic
 18084 | Lair:2   | Reached * piety under Vehumet
 18084 | Lair:2   | Offered knowledge of Shock by Vehumet.
 18310 | Lair:2   | Reached skill level 14 in Spellcasting
 18716 | Lair:2   | Reached skill level 10 in Hexes
 18804 | Lair:2   | Learned a level 4 spell: Hailstorm
 19450 | Lair:2   | Reached skill level 1 in Ice Magic
 19643 | Lair:2   | Offered knowledge of Sandblast by Vehumet.
 19648 | Lair:2   | Reached ** piety under Vehumet
 19957 | Lair:2   | Reached XP level 12. HP: 68/68 MP: 24/32
 19958 | Lair:2   | Reached skill level 5 in Fighting
 20515 | Lair:3   | Found a staircase to the Snake Pit.
 20677 | Lair:3   | Reached skill level 1 in Earth Magic
 20943 | Lair:3   | Noticed a death yak
 20944 | Lair:3   | Noticed a death yak
 20946 | Lair:3   | Noticed a death yak
 20998 | Lair:3   | Noticed a seven-headed hydra
 21002 | Lair:3   | Killed a death yak
 21089 | Lair:3   | Offered knowledge of Scorch by Vehumet.
 21223 | Lair:3   | Killed a death yak
 21224 | Lair:3   | Killed a death yak
 21260 | Lair:2   | Learned a level 4 spell: Olgreb's Toxic Radiance
 21266 | Lair:2   | Learned a level 5 spell: Metabolic Englaciation
 22017 | Lair:3   | Killed a seven-headed hydra
 22688 | Lair:4   | Noticed a seven-headed hydra
 23083 | Lair:4   | Reached *** piety under Vehumet
 23084 | Lair:4   | Reached skill level 5 in Ice Magic
 23171 | Lair:4   | Found a frozen archway.
 23180 | IceCv    | Entered an ice cave
 23673 | IceCv    | Offered knowledge of Inner Flame by Vehumet.
 23910 | Lair:4   | Reached XP level 13. HP: 74/74 MP: 24/33
 24020 | Lair:4   | Reached skill level 15 in Spellcasting
 24020 | Lair:4   | Reached skill level 5 in Poison Magic
 24615 | Lair:4   | Found a staircase to the Swamp.
 24823 | Lair:4   | Reached skill level 5 in Dodging
 25330 | Lair:5   | Slain by a cane toad

Illustrated notes

Levels and vault maps discovered:
D:1:      sevenhm_arrival_forest_fort_large_4, layout_loops_ring, serial_shops,
          nicolae_diamond_shop, chequers_serial_rivers_large_b,
          minmay_strange_pillars, minmay_pentomino_z4
D:2:      layout_loops_corners
D:3:      layout_loops_cross, mainiacjoe_overflow_surrounded_room, uniq_jessica,
          uniq_natasha, uniq_crazy_yiuf_cottage
D:4:      nicolae_cairo_tiling, layout_loops_ring, dk_noncrumbling_2,
          grunt_ministairs_2, uniq_pikel, uniq_menkaure, uniq_blork_the_orc,
          uniq_grinder
D:5:      layout_basic, dreamdust_divine_triumvirate, makhleb_grotto_becter,
          serial_shops, nicolae_shop_hallway_stairs, shop
D:6:      layout_loops_cross, ashenzari_conservatory_becter,
          lemuel_temple_firewalk_a, minmay_mini_ossuary
D:7:      layout_basic, amethyst_overflow_temple_binary,
          kennysheep_generic_room_3
D:8:      layout_loops_ring, nicolae_dithmenos_shadow_blocks,
          uniq_prince_ribbit1
D:9:      layout_grid_maze, gammafunk_ghost_arena, st_stairs_9, uniq_psyche
D:10:     layout_gridville, minitemple, david_lair_generic, serial_shops,
          kennysheep_mini, ploomutoo_gammafunk_ghost_potion_laboratory
Temple:   nicolae_temple_figure_zero
Lair:1:   layout_hall_layers, ebering_ghost_inner_flame, nzn_random_ring,
          serial_bayou_shore_a, uniq_erica
Lair:2:   layout_cave_pods, special_room [special_room_bee]
Lair:3:   layout_loops_ring, minmay_snake_entry_guardpost_small,
          serial_bayou_pond_e, grunt_forest_small_clearing_treed
Lair:4:   layout_roguey, skrybe_swamp_entry_bodies,
          portal_ice_cave_entry_pillars_1, patterned_corridor
Lair:5:   minmay_lair_oklob_chamber, layout_gridlike, grunt_megastairs_5

Skill      XL: |  1  2  3  4  5  6  7  8  9 10 11 12 13 |
---------------+----------------------------------------+-----
Conjurations   | 5 6 7 8 9 10 11 12 | 12.3
Hexes          | 1 2 3 4 6 7 8 10 | 10.5
Spellcasting   | 5 7 9 12 13 14 15 | 15.7
Fighting       | 1 3 4 6 |  6.4
Translocations | 2 3 5 6 8 |  8.5
Air Magic      | 2 |  2.9
Poison Magic   | 1 4 5 |  5.4
Dodging        | 3 4 5 |  5.1
Ice Magic      | 1 5 6 |  6.0
Earth Magic    | 4 |  4.0
Stealth        | |  2.4

Action                   |  1- 3 |  4- 6 |  7- 9 | 10-12 | 13-15 || total
-------------------------+-------+-------+-------+-------+-------++-------
Melee: Whip              |       |       |     1 |       |       ||     1
       Staff             |       |       |       |     4 |       ||     4
 Cast: Magic Dart        |    59 |    42 |    53 |     6 |       ||   160
       Searing Ray       |     3 |    13 |    18 |     6 |       ||    40
       Fulminant Prism   |       |     2 |    50 |   138 |    18 ||   208
       Iskenderun's Myst |       |       |    25 |    72 |    12 ||   109
       Poisonous Vapours |       |       |       |    27 |       ||    27
       Stone Arrow       |       |       |       |    75 |    16 ||    91
       Frozen Ramparts   |       |       |       |     6 |       ||     6
  Use: Potion            |       |       |     1 |     1 |     2 ||     4
       Scroll            |       |       |       |    17 |     3 ||    20
Armor: Robe              |     2 |     2 |     5 |       |       ||     9
       Steam dragon scal |       |       |     4 |    27 |    11 ||    42
       Skin              |       |       |       |       |    11 ||    11
Dodge: Dodged            |     2 |    12 |    25 |    80 |    19 ||   138

Table legend: (Time is in decaauts)
 A = Elapsed time spent in this place.
 B = Non-inter-level travel time spent in this place.
 C = Inter-level travel time spent in this place.
 D = Time resting spent in this place.
 E = Time spent auto-exploring this place.
 F = Levels seen in this place.
 G = Mean time per level.
                   A        B        C        D        E       F      G
               +--------+--------+--------+--------+--------+-----+--------+
         Total |  25409 |  24497 |    912 |   7175 |  12059 |  17 | 1494.6 |
       Dungeon |  15941 |  15221 |    720 |   3893 |   8581 |  10 | 1594.1 |
        Temple |    143 |    115 |     28 |      0 |    112 |   1 |  143.0 |
          Lair |   8677 |   8513 |    164 |   2976 |   3365 |   5 | 1735.4 |
      Ice Cave |    646 |    646 |      0 |    306 |      0 |   1 |  646.0 |
               +--------+--------+--------+--------+--------+-----+--------+

Top non-repeatable levels by time:
     D:8: 3200 daAuts
  Lair:2: 2941 daAuts
  Lair:1: 2397 daAuts
     D:9: 1958 daAuts
  Lair:3: 1858 daAuts
     D:3: 1851 daAuts
     D:6: 1716 daAuts
     D:5: 1604 daAuts
     D:7: 1484 daAuts
  Lair:4: 1472 daAuts
    D:10: 1397 daAuts
     D:2: 1252 daAuts
     D:1: 980 daAuts
   IceCv: 646 daAuts
     D:4: 494 daAuts
